TOP OF THE 1ST |
Alabama Crimson Tide batting - Pitching for Oklahoma State Cowboys : RHP Joe Bell
|
Pitching: RHP Joe Bell
|
|
Batting: RHB Alfredo Bernard
|
0-0: Ball 1-0: Ball 2-0: Foul Ball, location: 2F 2-1: Ground out U3 (Groundball, 3)
|
Batting: LHB Steve Blankenship
|
0-0: Ball 1-0: Swinging Strike 1-1: Foul Ball, location: 2F 1-2: SOLO HOME RUN (Flyball, 9LD), Distance : 315 ft
|
Batting: LHB Steve Woods
|
0-0: Ball 1-0: Ball 2-0: SINGLE (Flyball, 78S)
|
Batting: RHB Jason Carr
|
0-0: Called Strike 0-1: Ground out 5-3 (Groundball, 56S) Steve Woods to second
|
Batting: LHB Jorge Rivera
|
0-0: Called Strike 0-1: Fly out, F4 (Line Drive, 4)
|
Top of the 1st over - 1 run(s), 2 hit(s), 0 error(s), 1 left on base; Alabama 1 - Oklahoma State 0 |
BOTTOM OF THE 1ST |
Oklahoma State Cowboys batting - Pitching for Alabama Crimson Tide : RHP Dave Roberson
|
Pitching: RHP Dave Roberson
|
|
Batting: RHB Derrek Lane
|
0-0: Fly out, F4 (Popup, 34D)
|
Batting: SHB Myles Hopkins
|
0-0: Called Strike 0-1: Ball 1-1: Called Strike 1-2: SINGLE (Groundball, 6D)
|
Batting: LHB Bill Bryan
|
0-0: Called Strike Myles Hopkins steals 2nd base 0-1: Ball Wild Pitch! Myles Hopkins to third 1-1: Ball 2-1: Foul Ball, location: 2F 2-2: SINGLE (Groundball, 56D) Myles Hopkins scores
|
Batting: SHB Jacob Lachance
|
0-0: Ball 1-0: Grounds into double play, 6-4-3 (Groundball, 6)
|
Bottom of the 1st over - 1 run(s), 2 hit(s), 0 error(s), 0 left on base; Alabama 1 - Oklahoma State 1 |
TOP OF THE 2ND |
Alabama Crimson Tide batting - Pitching for Oklahoma State Cowboys : RHP Joe Bell
|
Batting: RHB Tommy Adams
|
0-0: Ball 1-0: Ground out 4-3 (Groundball, 4)
|
Batting: RHB John Martin
|
0-0: Ball 1-0: Ball 2-0: Called Strike 2-1: Called Strike 2-2: Foul Ball, location: 2F 2-2: Ball 3-2: Strikes out swinging
|
Batting: LHB Tom York
|
0-0: Ball 1-0: Ground out U3 (Groundball, 3D)
|
Top of the 2nd over - 0 run(s), 0 hit(s), 0 error(s), 0 left on base; Alabama 1 - Oklahoma State 1 |
BOTTOM OF THE 2ND |
Oklahoma State Cowboys batting - Pitching for Alabama Crimson Tide : RHP Dave Roberson
|
Batting: RHB Burt Sharp
|
0-0: Ball 1-0: Swinging Strike 1-1: Called Strike 1-2: SINGLE (Flyball, 8RM)
|
Batting: SHB Ernest Hood
|
0-0: Ground out 4-3 (Groundball, 34D) Burt Sharp to second
|
Batting: RHB Larry Young
|
0-0: Ground out 5-3 (Groundball, 56)
|
Batting: RHB Dennis Ingram
|
0-0: Ball 1-0: Called Strike 1-1: Foul Ball, location: 2F 1-2: Ball 2-2: Ball 3-2: Base on Balls
|
Batting: RHB Doug Wells
|
0-0: Foul Ball, location: 2F 0-1: Ball 1-1: Ball 2-1: Ball 3-1: Base on Balls Burt Sharp to third Dennis Ingram to second
|
Batting: RHB Derrek Lane
|
0-0: Ball 1-0: Called Strike 1-1: Foul Ball, location: 2F 1-2: Strikes out swinging
|
Bottom of the 2nd over - 0 run(s), 1 hit(s), 0 error(s), 3 left on base; Alabama 1 - Oklahoma State 1 |
TOP OF THE 3RD |
Alabama Crimson Tide batting - Pitching for Oklahoma State Cowboys : RHP Joe Bell
|
Batting: LHB Clarence Bowen
|
0-0: Ball 1-0: Ball 2-0: Foul Ball, location: 2F 2-1: DOUBLE (Flyball, 8LD)
|
Batting: RHB Alfredo Bernard
|
0-0: Called Strike 0-1: Called Strike 0-2: Foul Ball, location: 2F 0-2: Foul Ball, location: 2F 0-2: Strikes out looking
|
Batting: LHB Steve Blankenship
|
0-0: Called Strike 0-1: Foul Ball, location: 2F 0-2: Ground out 4-3 (Groundball, 4) Clarence Bowen to third
|
Batting: LHB Steve Woods
|
0-0: Foul Ball, location: 2F 0-1: Swinging Strike 0-2: Strikes out swinging
|
Top of the 3rd over - 0 run(s), 1 hit(s), 0 error(s), 1 left on base; Alabama 1 - Oklahoma State 1 |
BOTTOM OF THE 3RD |
Oklahoma State Cowboys batting - Pitching for Alabama Crimson Tide : RHP Dave Roberson
|
Batting: SHB Myles Hopkins
|
0-0: Ball 1-0: Foul Ball, location: 2F 1-1: Ball 2-1: Ground out U3 (Groundball, 34)
|
Batting: LHB Bill Bryan
|
0-0: Ball 1-0: Ground out 4-3 (Groundball, 4)
|
Batting: SHB Jacob Lachance
|
0-0: Foul Ball, location: 2F 0-1: Swinging Strike 0-2: Ball 1-2: Ball 2-2: Strikes out swinging
|
Bottom of the 3rd over - 0 run(s), 0 hit(s), 0 error(s), 0 left on base; Alabama 1 - Oklahoma State 1 |
TOP OF THE 4TH |
Alabama Crimson Tide batting - Pitching for Oklahoma State Cowboys : RHP Joe Bell
|
Batting: RHB Jason Carr
|
0-0: Ball 1-0: Ground out 6-3 (Groundball, 6)
|
Batting: LHB Jorge Rivera
|
0-0: Ball 1-0: Ball 2-0: Ball 3-0: Called Strike 3-1: Swinging Strike 3-2: Strikes out swinging
|
Batting: RHB Tommy Adams
|
0-0: Ball 1-0: Ground out 4-3 (Groundball, 4M)
|
Top of the 4th over - 0 run(s), 0 hit(s), 0 error(s), 0 left on base; Alabama 1 - Oklahoma State 1 |
BOTTOM OF THE 4TH |
Oklahoma State Cowboys batting - Pitching for Alabama Crimson Tide : RHP Dave Roberson
|
Batting: RHB Burt Sharp
|
0-0: Ball 1-0: Ball 2-0: Called Strike 2-1: Ball 3-1: Ground out U3 (Groundball, 34S)
|
Batting: SHB Ernest Hood
|
0-0: Fly out, F7 (Flyball, 7S)
|
Batting: RHB Larry Young
|
0-0: Ball 1-0: Foul Ball, location: 2F 1-1: Ball 2-1: Swinging Strike 2-2: Ball 3-2: Foul Ball, location: 2F 3-2: Base on Balls
|
Batting: RHB Dennis Ingram
|
0-0: Ball 1-0: TRIPLE (Line Drive, 89M) Larry Young scores
|
Batting: RHB Doug Wells
|
0-0: Ball 1-0: Foul Ball, location: 2F 1-1: Called Strike 1-2: Foul Ball, location: 2F 1-2: Ball 2-2: Strikes out swinging
|
Bottom of the 4th over - 1 run(s), 1 hit(s), 0 error(s), 1 left on base; Alabama 1 - Oklahoma State 2 |
TOP OF THE 5TH |
Alabama Crimson Tide batting - Pitching for Oklahoma State Cowboys : RHP Joe Bell
|
Batting: RHB John Martin
|
0-0: Called Strike 0-1: Ball 1-1: Called Strike 1-2: Ball 2-2: Foul Ball, location: 2F 2-2: Ball 3-2: Foul Ball, location: 2F 3-2: Strikes out swinging
|
Batting: LHB Tom York
|
0-0: TRIPLE (Flyball, 9LM)
|
Batting: LHB Clarence Bowen
|
0-0: Ball 1-0: Ball 2-0: Ball 3-0: Base on Balls
|
Batting: RHB Alfredo Bernard
|
0-0: SINGLE (Line Drive, 6D) Tom York scores Clarence Bowen to second
|
Batting: LHB Steve Blankenship
|
0-0: Called Strike 0-1: Called Strike 0-2: Strikes out looking
|
Batting: LHB Steve Woods
|
0-0: Fly out, F6 (Popup, 6)
|
Top of the 5th over - 1 run(s), 2 hit(s), 0 error(s), 2 left on base; Alabama 2 - Oklahoma State 2 |
BOTTOM OF THE 5TH |
Oklahoma State Cowboys batting - Pitching for Alabama Crimson Tide : RHP Dave Roberson
|
Batting: RHB Derrek Lane
|
0-0: Ball 1-0: Ball 2-0: Foul Ball, location: 2F 2-1: Ball 3-1: SINGLE (Groundball, 56D)
|
Batting: SHB Myles Hopkins
|
0-0: Ball 1-0: Fly out, F8 (Line Drive, 8LM)
|
Batting: LHB Bill Bryan
|
0-0: Ball 1-0: Called Strike 1-1: Called Strike 1-2: Strikes out swinging
|
Batting: SHB Jacob Lachance
|
0-0: Ball 1-0: Called Strike 1-1: Ball 2-1: Ball 3-1: Fly out, F3 (Line Drive, 3S)
|
Bottom of the 5th over - 0 run(s), 1 hit(s), 0 error(s), 1 left on base; Alabama 2 - Oklahoma State 2 |
TOP OF THE 6TH |
Alabama Crimson Tide batting - Pitching for Oklahoma State Cowboys : RHP Joe Bell
|
Batting: RHB Jason Carr
|
0-0: Called Strike 0-1: Swinging Strike 0-2: Ball 1-2: Ball 2-2: Strikes out swinging
|
Batting: LHB Jorge Rivera
|
0-0: Ball 1-0: Called Strike 1-1: Ball 2-1: Swinging Strike 2-2: Foul Ball, location: 2F 2-2: Strikes out swinging
|
Batting: RHB Tommy Adams
|
0-0: Ball 1-0: Fly out, F8 (Flyball, 8RS)
|
Top of the 6th over - 0 run(s), 0 hit(s), 0 error(s), 0 left on base; Alabama 2 - Oklahoma State 2 |
BOTTOM OF THE 6TH |
Oklahoma State Cowboys batting - Pitching for Alabama Crimson Tide : RHP Dave Roberson
|
Pitching: RHP Roberto Ilana
|
|
Batting: RHB Burt Sharp
|
0-0: Swinging Strike 0-1: Ball 1-1: Ball 2-1: Foul Ball, location: 2F 2-2: Ball 3-2: Base on Balls
|
Batting: SHB Ernest Hood
|
0-0: Fielders Choice at 2nd, 4-6 (Groundball, 34)
|
Batting: RHB Larry Young
|
0-0: Called Strike 0-1: Foul Ball, location: 2F 0-2: Ball 1-2: Strikes out swinging
|
Batting: RHB Dennis Ingram
|
0-0: Called Strike 0-1: Ball 1-1: Called Strike 1-2: 2-RUN HOME RUN (Flyball, 78XD), Distance : 388 ft
|
Pitching: RHP Dave Edmonds
|
|
Batting: RHB Doug Wells
|
0-0: Fly out, F8 (Flyball, 8LM)
|
Bottom of the 6th over - 2 run(s), 1 hit(s), 0 error(s), 0 left on base; Alabama 2 - Oklahoma State 4 |
TOP OF THE 7TH |
Alabama Crimson Tide batting - Pitching for Oklahoma State Cowboys : RHP Joe Bell
|
Pitching: RHP Ryan Park
|
|
Batting: RHB John Martin
|
0-0: Called Strike 0-1: Ball 1-1: Swinging Strike 1-2: Strikes out looking
|
Batting: LHB Tom York
|
0-0: Ground out U3 (Groundball, 3S)
|
Batting: LHB Clarence Bowen
|
0-0: Ball 1-0: Ball 2-0: Ball 3-0: Base on Balls
|
Batting: RHB Alfredo Bernard
|
0-0: Foul Ball, location: 2F 0-1: SINGLE (Groundball, 34D) Clarence Bowen to second Runner from 2nd tries for 3rd, SAFE, throw made to third
|
Pitching: LHP Alan Stewart
|
|
Batting: LHB Steve Blankenship
|
0-0: SINGLE (Groundball, 4MD) Clarence Bowen scores Alfredo Bernard to second Runner from 2nd tries for 3rd, SAFE, throw made to third
|
Pitching: LHP John Curtis
|
|
Batting: LHB Steve Woods
|
0-0: Ball 1-0: Called Strike 1-1: Ball 2-1: Called Strike 2-2: Ball 3-2: Base on Balls Steve Blankenship to second
|
Batting: RHB Jason Carr
|
0-0: Ball 1-0: Swinging Strike 1-1: Ball 2-1: Called Strike 2-2: Strikes out swinging
|
Top of the 7th over - 1 run(s), 2 hit(s), 0 error(s), 3 left on base; Alabama 3 - Oklahoma State 4 |
BOTTOM OF THE 7TH |
Oklahoma State Cowboys batting - Pitching for Alabama Crimson Tide : RHP Dave Edmonds
|
Batting: RHB Derrek Lane
|
0-0: Called Strike 0-1: Foul Ball, location: 2F 0-2: Fly out, F9 (Flyball, 9LS)
|
Batting: SHB Myles Hopkins
|
0-0: Ball 1-0: Ball 2-0: Swinging Strike 2-1: Foul Ball, location: 2F 2-2: Strikes out swinging
|
Pitching: LHP Daniel Williams
|
|
Batting: LHB Bill Bryan
|
0-0: Foul Ball, location: 2F 0-1: Ground out 6-3 (Groundball, 6)
|
Bottom of the 7th over - 0 run(s), 0 hit(s), 0 error(s), 0 left on base; Alabama 3 - Oklahoma State 4 |
TOP OF THE 8TH |
Alabama Crimson Tide batting - Pitching for Oklahoma State Cowboys : LHP John Curtis
|
Batting: LHB Jorge Rivera
|
0-0: Called Strike 0-1: Fly out, F9 (Line Drive, 9)
|
Pitching: RHP Keith Crabtree
|
|
Batting: RHB Tommy Adams
|
0-0: Fly out, F9 (Flyball, 89M)
|
Batting: RHB John Martin
|
0-0: Swinging Strike 0-1: Swinging Strike 0-2: Ball 1-2: Reached on error, E6 (Groundball, 6)
|
Pitching: LHP Barry Arroyo
|
|
Pinch Hitting: SHB Dave Wilson
|
0-0: Ball 1-0: Ball 2-0: Foul Ball, location: 2F 2-1: Ball 3-1: Called Strike 3-2: Base on Balls John Martin to second
|
Batting: LHB Clarence Bowen
|
0-0: Ball 1-0: Called Strike 1-1: Ball 2-1: Ground out 4-3 (Groundball, 4)
|
Top of the 8th over - 0 run(s), 0 hit(s), 1 error(s), 2 left on base; Alabama 3 - Oklahoma State 4 |
BOTTOM OF THE 8TH |
Oklahoma State Cowboys batting - Pitching for Alabama Crimson Tide : LHP Daniel Williams
|
Pitching: LHP Jason Ramsey
|
|
Now in CF: Bobby Riggs
|
|
Batting: SHB Jacob Lachance
|
0-0: Called Strike 0-1: Foul Ball, location: 2F 0-2: Ground out 3-1 (Groundball, 34)
|
Batting: RHB Burt Sharp
|
0-0: Called Strike 0-1: Foul Ball, location: 2F 0-2: Foul Ball, location: 2F 0-2: Foul Ball, location: 2F 0-2: Fly out, F3 (Line Drive, 34)
|
Batting: SHB Ernest Hood
|
0-0: Ball 1-0: Ground out 4-3 (Groundball, 4S)
|
Bottom of the 8th over - 0 run(s), 0 hit(s), 0 error(s), 0 left on base; Alabama 3 - Oklahoma State 4 |
TOP OF THE 9TH |
Alabama Crimson Tide batting - Pitching for Oklahoma State Cowboys : LHP Barry Arroyo
|
Pitching: RHP Stu Morris
|
|
Pinch Hitting: SHB John Fullerton
|
0-0: Ball 1-0: Ball 2-0: Ball 3-0: Base on Balls
|
Batting: LHB Steve Blankenship
|
0-0: Ball 1-0: Ball 2-0: Ball 3-0: Called Strike 3-1: Swinging Strike 3-2: Fly out, F4 (Popup, 4D)
|
Batting: LHB Steve Woods
|
0-0: DOUBLE (Line Drive, 3D) John Fullerton to third
|
Batting: RHB Jason Carr
|
0-0: Foul Ball, location: 2F 0-1: Reached on error, E5 (Groundball, 56) John Fullerton scores Steve Woods to third
|
Batting: LHB Jorge Rivera
|
0-0: Called Strike 0-1: Called Strike 0-2: Strikes out looking
|
Pinch Hitting: RHB Brian Burke
|
0-0: Fly out, F8 (Flyball, 8RM)
|
Top of the 9th over - 1 run(s), 1 hit(s), 1 error(s), 2 left on base; Alabama 4 - Oklahoma State 4 |
BOTTOM OF THE 9TH |
Oklahoma State Cowboys batting - Pitching for Alabama Crimson Tide : LHP Jason Ramsey
|
Pitching: RHP Eddie Good
|
|
Now at C: Brian Burke
|
|
Now at 3B: John Fullerton
|
|
Pinch Hitting: SHB Steve Miner
|
0-0: Fly out, F4 (Popup, 4MD)
|
Batting: RHB Dennis Ingram
|
0-0: Fly out, F8 (Flyball, 8RS)
|
Batting: RHB Doug Wells
|
0-0: Foul Ball, location: 2F 0-1: Swinging Strike 0-2: Ball 1-2: Strikes out swinging
|
Bottom of the 9th over - 0 run(s), 0 hit(s), 0 error(s), 0 left on base; Alabama 4 - Oklahoma State 4 |
TOP OF THE 10TH |
Alabama Crimson Tide batting - Pitching for Oklahoma State Cowboys : RHP Stu Morris
|
Now at C: Steve Miner
|
|
Batting: RHB John Martin
|
0-0: Ball 1-0: Swinging Strike 1-1: Swinging Strike 1-2: Ball 2-2: Strikes out swinging
|
Batting: SHB Bobby Riggs
|
0-0: Ball 1-0: Foul Ball, location: 2F 1-1: Swinging Strike 1-2: Strikes out swinging
|
Batting: LHB Clarence Bowen
|
0-0: Ball 1-0: Called Strike 1-1: Called Strike 1-2: Strikes out swinging
|
Top of the 10th over - 0 run(s), 0 hit(s), 0 error(s), 0 left on base; Alabama 4 - Oklahoma State 4 |
BOTTOM OF THE 10TH |
Oklahoma State Cowboys batting - Pitching for Alabama Crimson Tide : RHP Eddie Good
|
Batting: RHB Derrek Lane
|
0-0: SOLO HOME RUN (Flyball, 7LD), Distance : 331 ft
|
Tuesday, August 8th, 2017 - OOTP Baseball 17.12 Build 75
|
|